 Dungeon Crawl Stone Soup version 0.31-a0-1074-g0b22e4e0f1 (webtiles) character file.

Game seed: 16746878853195194444

43 freelancePsychic the Slasher (level 3, 28/28 HPs)
             Began as a Demonspawn Gladiator on Dec 6, 2023.
             Was a Follower of Trog.
             Quit the game on level 2 of the Dungeon.
             The game lasted 00:02:00 (794 turns).

freelancePsychic the Slasher (Demonspawn Gladiator)  Turns: 794, Time: 00:02:01

Health: 28/28      AC:  6    Str: 14    XL:     3   Next: 37%
Magic:  3/3        EV: 12    Int: 11    God:    Trog [*.....]
Gold:   37         SH:  0    Dex: 14    Spells: 2/2 levels left

rFire   . . .        a - +0 long sword
rCold   . . .        (no shield)
rNeg    . . .        b - +0 leather armour
rPois   .            c - +0 helmet
rElec   .            (no cloak)
rCorr   .            (no gloves)
SInv    .            (no boots)
Will    .....        (no amulet)
Stlth   +            (no ring)
HPRegen 0.24/turn    (no ring)
MPRegen 0.08/turn

%: no passive effects
@: no status effects
A: icy blue scales 1, demonic magic 1
a: Renounce Religion, Berserk


You were on level 2 of the Dungeon.
You worshipped Trog.
Trog was aware of your devotion.
You visited 1 branch of the dungeon, and saw 2 of its levels.

You collected 37 gold pieces.

Inventory:

Hand Weapons
 a - a +0 long sword (weapon)
Missiles
 d - 2 throwing nets (quivered)
 e - a javelin
Armour
 b - a +0 leather armour (worn)
 c - a +0 helmet (worn)
Scrolls
 g - a scroll of blinking {unknown}
 h - 3 scrolls of teleportation {unknown}
 i - a scroll of fog {unknown}
Potions
 f - a potion of magic {unknown}
 j - a potion of brilliance {unknown}
 k - a potion of curing {unknown}


   Skills:
 + Level 2.4 Fighting
 * Level 3.3 Long Blades
 - Level 1.7 Throwing
 - Level 2.6 Dodging
 - Level 0.5 Stealth
 - Level 1.2 Transmutations


You had 2 spell levels left.
You didn't know any spells.
Your spell library contained the following spells:

 Spells                   Type           Power      Damage    Failure   Level
 Wereblood                Tmut           2%         N/A       38%         2
 Sublimation of Blood     Necr           0%         N/A       56%         2
 Ozocubu's Armour         Ice            0%         N/A       80%         3
 Ozocubu's Refrigeration  Ice            0%         4d7       100%        7
 Summon Hydra             Summ           0%         N/A       100%        7


Dungeon Overview and Level Annotations

Branches:
Dungeon (2/15)

Altars:
Trog

Shops:
D:1 [


Innate Abilities, Weirdness & Mutations

You are partially covered in icy blue scales. (AC +2)
Spells you cast may paralyse adjacent enemies.


Message History

No target in view!
No target in view!
You now have 37 gold pieces (gained 14).
You see here a +0 robe.
There is a stone staircase leading down here.
Things that are here:
a +0 dagger; a +0 dagger Partly explored, can't reach some items.
Search for what [? for help]? fad
There is a faded altar of an unknown god here.
This altar belongs to (a) Ignis, (b) Trog or (c) Lugonu, but you can't tell which.
Press the corresponding letter to learn more about a god, or press enter to convert or escape to cancel.
Okay, then.
This altar belongs to (a) Ignis, (b) Trog or (c) Lugonu, but you can't tell which.
Press the corresponding letter to learn more about a god, or press enter to convert or escape to cancel.
Trog accepts your prayer! Trog welcomes you!
You can now go berserk at will.
There is a stone staircase leading down here.
You climb downwards.
Found a book of Sloth.
There is a stone staircase leading up here.
A frilled lizard is nearby!
Found 4 stones.
You closely miss the frilled lizard. The frilled lizard barely misses you.
You slash the frilled lizard!
You kill the frilled lizard!
Trog accepts your kill.
No target in view!
No target in view!
No target in view!
No target in view!
No target in view!
No target in view!
Found a robe.
Found a stone staircase leading down.
j - a clear potion No target in view!
k - a grey potion
Found a chain mail.
Found an escape hatch in the floor.
Are you sure you want to abandon this character and quit the game? (Confirm with "yes".)

####.............#
#.........#....##...
#.........#....##...
#...................
#.....####..........
#...................
#.............$.....
#................#..
#####.......@.......
###.............
#....##.......
........# .......
........# >......
.........# .....[.
.........# .......
.........# ..#....
........#


There were no monsters in sight!

Vanquished Creatures
  A gnoll (D:1)
  A ball python (D:1)
  4 endoplasms (D:1)
  2 giant cockroaches (D:1)
  3 goblins (D:1)
  8 jackals (D:1)
  A quokka (D:1)
  4 bats (D:1)
  4 frilled lizards
28 creatures vanquished.

Notes
Turn   | Place    | Note
-------+----------+-------------------------------------------
     0 | D:1      | freelancePsychic the Demonspawn Gladiator began the quest
                  | for the Orb.
     0 | D:1      | Reached XP level 1. HP: 16/16 MP: 1/1
    53 | D:1      | Reached skill level 3 in Long Blades
    54 | D:1      | Gained mutation: Spells you cast may paralyse adjacent
                  | enemies. [demonic ancestry]
    54 | D:1      | Reached XP level 2. HP: 11/22 MP: 2/2
   346 | D:1      | Reached skill level 1 in Transmutations
   346 | D:1      | Gained mutation: You are partially covered in icy blue
                  | scales. (AC +2) [demonic ancestry]
   346 | D:1      | Reached XP level 3. HP: 18/28 MP: 3/3
   482 | D:1      | Found Haqofriw's Antique Armour Boutique.
   530 | D:1      | Found a faded altar of an unknown god.
   726 | D:1      | Prayed at the altar of an unknown god.
   726 | D:1      | Became a worshipper of Trog the Wrathful
   726 | D:1      | Reached * piety under Trog
   794 | D:2      | Quit the game

Illustrated notes

Levels and vault maps discovered:
D:1:      dreamdust_arrival_beginning_and_end, layout_basic, serial_shops, shop,
          ebering_ecumenical_altar_webs, corexii_item_surrounded_by_moat,
          minmay_liquid_box, palyth_stone_intersect, minmay_tetromino_o2
D:2:      layout_basic, hangedman_decor_push

Skill      XL: |  1  2 |
---------------+-------+-----
Long Blades    | 3 |  3.3
Transmutations | 1 |  1.2
Fighting       | |  2.4
Throwing       | |  1.7
Dodging        | |  2.6
Stealth        | |  0.5

Action                     || total
---------------------------++-------
  Melee: Long sword        ||   101
         Punch             ||     3
  Throw: Javelin           ||     1
         Throwing net      ||     1
   Stab: Sleeping          ||     2
         Held in net/web   ||     1
 Armour: Leather armour    ||    87
  Dodge: Dodged            ||   103

Table legend: (Time is in decaauts)
 A = Elapsed time spent in this place.
 B = Non-inter-level travel time spent in this place.
 C = Inter-level travel time spent in this place.
 D = Time resting spent in this place.
 E = Time spent auto-exploring this place.
 F = Levels seen in this place.
 G = Mean time per level.
                   A        B        C        D        E       F      G
               +--------+--------+--------+--------+--------+-----+--------+
         Total |    819 |    745 |     74 |      0 |    528 |   2 |  409.5 |
       Dungeon |    819 |    745 |     74 |      0 |    528 |   2 |  409.5 |
               +--------+--------+--------+--------+--------+-----+--------+

Top non-repeatable levels by time:
     D:1: 774 daAuts
     D:2: 45 daAuts
